 Dungeon Crawl Stone Soup version 0.22.1-1-ga44c0e56f4 (webtiles) character file.

37 spandex3 the Skirmisher (level 3, -3/31 HPs)
             Began as a Draconian Transmuter on Aug 31, 2018.
             Slain by a quokka (4 damage)
             ... on level 2 of the Dungeon on Oct 22, 2018.
             The game lasted 00:11:45 (1629 turns).

spandex3 the Skirmisher (Draconian Transmuter)      Turns: 1629, Time: 00:11:45

Health: -3/31      AC:  6    Str: 12    XL:     3   Next: 23%
Magic:  3/6        EV: 12    Int: 14    God:
Gold:   70         SH:  0    Dex: 11    Spells: 3/6 levels left

rFire    . . .     SeeInvis .   d - +0 dagger (venom)
rCold    . . .     Gourm    .   (no shield)
rNeg     . . .     Faith    .   (armour unavailable)
rPois    .         Spirit   .   (helmet restricted)
rElec    .         Reflect  .   (no cloak)
rCorr    .         Harm     .   e - +0 pair of gloves
MR       .....                  (no boots)
Stlth    +.........             (no amulet)
HPRegen  0.10/turn              (no ring)
MPRegen  0.10/turn              (no ring)

@: no status effects
A: unfitting armour, cold-blooded, AC +5
a: no special abilities


You were on level 2 of the Dungeon.
You were hungry.

You visited 1 branch of the dungeon, and saw 2 of its levels.

You collected 70 gold pieces.

Inventory:

Hand Weapons
 d - a +0 dagger of venom (weapon)
Missiles
 a - 10 arrows
Armour
 e - a +0 pair of gloves (worn)
Jewellery
 f - an uncursed ring of wizardry {unknown}
Scrolls
 h - 2 scrolls of fog {unknown}
 i - a scroll of random uselessness {unknown}
 k - a scroll of teleportation {unknown}
 n - a scroll of identify
 o - a scroll of remove curse {unknown}
Potions
 b - a potion of flight
 g - a potion of ambrosia
 j - 2 potions of curing
 l - a potion of brilliance {unknown}
 m - a potion of degeneration {unknown}
Comestibles
 c - 5 rations


   Skills:
 * Level 3.4 Fighting
 - Level 0.4 Short Blades
 - Level 1.7 Dodging
 - Level 3.0 Unarmed Combat
 - Level 2.0 Spellcasting
 - Level 2.0 Transmutations


You had 3 spell levels left.
You knew the following spells:

 Your Spells              Type           Power        Failure   Level  Hunger
a - Beastly Appendage     Tmut           #.....       11%         1    ##.....
b - Sticks to Snakes      Tmut           #.......     16%         2    ###....

Your spell library contained the following spells:

 Spells                   Type           Power        Failure   Level  Hunger
 Spider Form              Tmut/Pois      #.........   43%         3    ####...
 Ice Form                 Ice/Tmut       #.......     83%         4    #####..
 Blade Hands              Tmut           #.........   96%         5    ######.


Dungeon Overview and Level Annotations

Branches:
Dungeon (2/15)

Altars:
Ashenzari


Innate Abilities, Weirdness & Mutations

Your plain brown scales are hard. (AC +5)
You cannot fit into any form of body armour.
You are cold-blooded and may be slowed by cold attacks.


Message History

The quokka bites you. The quokka bites you.
* * * LOW HITPOINT WARNING * * *
The quokka bites you.
* * * LOW HITPOINT WARNING * * *
The quokka closely misses you.
The quokka bites you but does no damage.
The quokka barely misses you. The quokka completely misses you.
The quokka closely misses you. The quokka bites you.
* * * LOW HITPOINT WARNING * * *
The quokka closely misses you.
The quokka bites you but does no damage.
The quokka bites you.
* * * LOW HITPOINT WARNING * * *
The quokka twitches its whiskers.
The quokka bites you but does no damage.
The quokka bites you.
You die...

###### #.......
#.......
#########
#.......
#.......#
#.......
#.....(.#
#####...
#.......# ####
#.......#
#..r....#
#..@....#
#.......#
#.......###
#.........#
#####.....#
#.....# ###
#.....# #..
#.....########.#
#..............#


You could see a quokka.

Vanquished Creatures
  An ooze (D:1)
  2 dart slugs (D:1)
  A leopard gecko (D:1)
  3 bats (D:1)
  A giant cockroach (D:2)
  7 goblins
  2 hobgoblins
  2 kobolds (D:1)
  A frilled lizard (D:1)
  7 rats
27 creatures vanquished.

Vanquished Creatures (collateral kills)
  A goblin (D:2)
1 creature vanquished.

Grand Total: 28 creatures vanquished

Notes
Turn   | Place    | Note
-------+----------+-------------------------------------------
     0 | D:1      | spandex3 the Draconian Transmuter began the quest for the
                  | Orb.
     0 | D:1      | Reached XP level 1. HP: 16/16 MP: 3/3
   264 | D:1      | Reached XP level 2. HP: 19/24 MP: 5/5
   638 | D:1      | Reached XP level 3. HP: 31/31 MP: 6/6
   716 | D:1      | Learned a level 2 spell: Sticks to Snakes
  1357 | D:2      | Found a shattered altar of Ashenzari.
  1358 | D:2      | Upgraded the game from 0.22.0-38-g04b72b8c25 to
                  | 0.22.1-1-ga44c0e56f4
  1627 | D:2      | HP: 1/31 [quokka (4)]
  1629 | D:2      | Slain by a quokka

Skill      XL: |  1  2 |
---------------+-------+-----
Fighting       | 2 3 |  3.4
Short Blades   | |  0.4
Dodging        | |  1.7
Unarmed Combat | |  3.0
Spellcasting   | |  2.0
Transmutations | |  2.0

Action                   || total
-------------------------++-------
Melee: Unarmed           ||    15
       Dagger            ||    55
       Tailslap          ||     7
       Headbutt          ||     1
       Kick              ||     5
       Punch             ||     2
 Cast: Beastly Appendage ||    17
       Sticks to Snakes  ||     2
  Use: Scroll            ||     3
  Eat: Chunk             ||     2
Armor: Skin              ||    33
Dodge: Dodged            ||    54
